Map: Proxima Station LE

Players

BigMac

  • Race: Protoss Protoss
  • League: Master
  • Spawn Location: 1:00

DonkeyCHEESE - Winner!

  • Race: Protoss Protoss
  • League: Diamond
  • Spawn Location: 7:00

VOD

Have the link to the VOD?

Description

Time

  • Played on: May 11, 2017, 4 p.m.
  • Length: 13:19
Show
View Real Time Build Order
Export as new Build Order

BigMac Protoss 

Build Orders:  

Get SALT Encoding   

  12  0:01  Probe (Chrono Boost)  
  13  0:16  Pylon  
  13  0:18  Probe (Chrono Boost)  
  14  0:29  Probe (Chrono Boost)  
  15  0:39  Forge  
  15  0:40  Probe (Chrono Boost)  
  16  0:51  Probe (Chrono Boost)  
  16  0:53  Pylon  
  16  1:12  Photon Cannon  
  16  1:20  Photon Cannon  
  16  1:24  Probe (Chrono Boost)  
  17  1:35  Probe (Chrono Boost)  
  18  1:41  Gateway  
  18  1:45  Probe (Chrono Boost)  
  18  1:57  Assimilator  
  18  1:58  Probe (Chrono Boost)  
  20  2:08  Probe (Chrono Boost)  
  20  2:19  Probe (Chrono Boost)  
  21  2:24  Nexus  
  21  2:29  Probe (Chrono Boost)  
  22  2:38  Cybernetics Core  
  22  2:44  Probe (Chrono Boost)  
  23  2:46  Zealot  
  25  2:55  Probe (Chrono Boost)  
  26  3:07  Probe (Chrono Boost), Pylon  
  28  3:31  Mothership Core (Chrono Boost)  
  29  3:35  Warp Gate  
  29  3:38  Assimilator  
  29  3:40  Assimilator  
  29  3:43  Probe (Chrono Boost)  
  30  3:51  Probe (Chrono Boost)  
  31  3:56  Assimilator  
  32  4:03  Probe (Chrono Boost)  
  32  4:07  Probe (Chrono Boost)  
  33  4:13  Stargate  
  33  4:15  Probe (Chrono Boost)  
  34  4:17  Probe (Chrono Boost)  
  35  4:27  Probe (Chrono Boost)  
  35  4:28  Probe (Chrono Boost)  
  38  4:38  Probe (Chrono Boost)  
  38  4:39  Probe (Chrono Boost)  
  38  4:42  Stargate  
  39  4:49  Probe (Chrono Boost)  
  39  4:51  Probe (Chrono Boost)  
  41  4:56  Photon Cannon  
  41  4:59  Probe (Chrono Boost)  
  42  5:00  Pylon  
  42  5:01  Phoenix  
  42  5:03  Probe (Chrono Boost)  
  42  5:06  Pylon  
  45  5:10  Probe (Chrono Boost)  
  47  5:15  Probe (Chrono Boost)  
  48  5:21  Probe (Chrono Boost)  
  48  5:22  Phoenix  
  48  5:23  Phoenix, Photon Cannon  
  48  5:28  Probe (Chrono Boost)  
  53  5:33  Probe (Chrono Boost)  
  55  5:44  Phoenix x2  
  58  6:05  Phoenix  
  58  6:06  Phoenix  
  62  6:27  Probe (Chrono Boost)  
  62  6:29  Nexus  
  62  6:30  Pylon  
  63  6:35  Pylon  
  63  6:36  Pylon  
  63  6:40  Pylon  
  63  6:41  Pylon  
  62  6:49  Nexus  
  62  6:50  Phoenix  
  62  6:54  Phoenix  
  66  7:00  Probe (Chrono Boost)  
  67  7:11  Photon Cannon  
  67  7:12  Probe (Chrono Boost)  
  69  7:24  Probe (Chrono Boost)  
  69  7:35  Pylon  
  69  7:36  Probe (Chrono Boost)  
  70  7:38  Pylon  
  70  7:48  Phoenix, Probe (Chrono Boost)  
  70  7:51  Phoenix  
  75  7:53  Probe (Chrono Boost)  
  76  8:00  Probe (Chrono Boost)  
  76  8:04  Probe (Chrono Boost)  
  78  8:09  Phoenix  
  78  8:12  Probe (Chrono Boost)  
  79  8:14  Probe (Chrono Boost)  
  79  8:18  Assimilator  
  79  8:19  Assimilator  
  82  8:22  Stargate  
  82  8:24  Probe (Chrono Boost), Void Ray  
  82  8:25  Probe (Chrono Boost)  
  88  8:29  Protoss Air Weapons Level 1  
  88  8:35  Void Ray  
  90  9:04  Void Ray  
  90  9:07  Void Ray  
  95  9:13  Void Ray  
  80  9:24  Probe (Chrono Boost)  
  86  9:25  Probe (Chrono Boost)  
  85  9:31  Stalker  
  85  9:34  Probe (Chrono Boost)  
  85  9:37  Probe (Chrono Boost)  
  89  9:47  Void Ray  
  89  9:49  Void Ray  
  97  9:55  Void Ray  
  101  10:18  Nexus  
  101  10:41  Probe (Chrono Boost)  
  102  10:44  Pylon  
  102  10:47  Pylon  
  102  10:58  Pylon  
  102  10:59  Void Ray  
  102  11:00  Void Ray  
  102  11:01  Void Ray  
  102  11:03  Probe (Chrono Boost)  
  107  11:08  Pylon  
  115  11:36  Void Ray  
  115  11:37  Void Ray  
  115  11:38  Void Ray  
  130  11:48  Probe x3 (Chrono Boost)  
  130  12:00  Probe x2 (Chrono Boost)  
  130  12:01  Probe (Chrono Boost)  
  133  12:12  Probe (Chrono Boost)  
  133  12:13  Probe x2 (Chrono Boost)  
Show
View Real Time Build Order
Export as new Build Order

DonkeyCHEESE Protoss - Winner!

Build Orders:  

Get SALT Encoding   

  12  0:01  Probe (Chrono Boost)  
  13  0:12  Probe (Chrono Boost)  
  14  0:19  Pylon  
  14  0:22  Probe (Chrono Boost)  
  15  0:37  Probe (Chrono Boost)  
  15  0:39  Forge  
  16  0:47  Pylon  
  16  1:06  Assimilator  
  15  1:19  Photon Cannon  
  15  1:35  Assimilator  
  15  1:38  Assimilator, Gateway  
  15  1:39  Probe (Chrono Boost)  
  16  1:50  Probe (Chrono Boost)  
  17  2:00  Probe (Chrono Boost)  
  18  2:11  Probe (Chrono Boost)  
  19  2:21  Probe (Chrono Boost)  
  20  2:25  Nexus  
  20  2:33  Probe (Chrono Boost)  
  21  2:46  Cybernetics Core  
  21  2:51  Probe (Chrono Boost)  
  22  3:01  Probe (Chrono Boost)  
  22  3:03  Pylon  
  23  3:23  Stargate  
  23  3:26  Stargate  
  23  3:37  Assimilator  
  23  3:38  Probe (Chrono Boost)  
  24  3:42  Assimilator  
  24  3:49  Probe (Chrono Boost)  
  25  3:59  Probe (Chrono Boost)  
  26  4:09  Void Ray  
  30  4:11  Void Ray  
  34  4:17  Pylon  
  34  4:24  Pylon  
  34  4:32  Stalker  
  36  4:43  Mothership Core (Chrono Boost)  
  38  4:54  Void Ray  
  42  5:04  Void Ray  
  46  5:16  Pylon  
  46  5:19  Probe (Chrono Boost)  
  47  5:29  Probe (Chrono Boost)  
  48  5:39  Photon Cannon  
  48  5:40  Probe (Chrono Boost)  
  49  5:58  Void Ray  
  49  6:00  Void Ray  
  53  6:09  Probe (Chrono Boost)  
  58  6:41  Phoenix, Void Ray  
  64  6:47  Photon Cannon  
  64  6:51  Photon Cannon  
  64  6:58  Photon Cannon  
  64  7:03  Phoenix  
  66  7:16  Stargate  
  66  7:18  Probe (Chrono Boost)  
  67  7:28  Phoenix  
  67  7:31  Phoenix  
  72  7:45  Probe (Chrono Boost)  
  72  7:50  Phoenix  
  72  7:56  Phoenix  
  72  7:58  Probe (Chrono Boost)  
  77  8:17  Probe (Chrono Boost)  
  78  8:33  Fleet Beacon  
  78  8:40  Pylon  
  78  8:41  Pylon  
  78  8:44  Pylon  
  78  9:00  Probe (Chrono Boost)  
  79  9:08  Carrier  
  79  9:12  Probe (Chrono Boost)  
  79  9:16  Carrier  
  91  9:24  Probe (Chrono Boost)  
  91  9:26  Carrier  
  97  10:07  Pylon  
  97  10:09  Pylon  
  97  10:11  Graviton Catapult, Pylon  
  97  10:26  Carrier  
  109  10:48  Probe (Chrono Boost)  
  110  11:13  Nexus  
  111  11:26  Probe (Chrono Boost)  
  111  11:38  Probe (Chrono Boost)  
  108  11:50  Probe (Chrono Boost)  
  108  11:52  Carrier  
Tags
 
Add a new tag
Caveats
  • Supply blocks, unpowered buildings, or Contaminate may cause inaccurate times.
  • Supply counts are checked every 10 seconds.